 Dungeon Crawl Stone Soup version 0.16.0-17-g811c1d7 (webtiles) character file.

229 maniek23 the Ruffian (level 5, -5/44 HPs)
             Began as a Draconian Transmuter on Mar 20, 2015.
             Was an Initiate of Okawaru.
             Slain by a killer bee (9 damage)
             ... on level 3 of the Dungeon.
             The game lasted 00:08:54 (2050 turns).

maniek23 the Ruffian (Draconian Transmuter)         Turns: 2050, Time: 00:08:55

Health: -5/44      AC: 10    Str: 14    XL:     5   Next: 71%
Magic:  9/9        EV: 13    Int: 13    God:    Okawaru [......]
Gold:   87         SH:  0    Dex: 11    Spells: 1 memorised, 7 levels left

rFire  . . .     SeeInvis .     u - -3 hammer (curse)
rCold  . . .     Clarity  .     (armour unavailable)
rNeg   . . .     SustAb   .     (no shield)
rPois  .         Gourm    .     (helmet restricted)
rElec  .         Spirit   .     (no cloak)
rCorr  .         Warding  .     (no gloves)
rMut   .         Stasis   .     (no boots)
MR     .....                    (no amulet)
Stlth  +.........               l - +5 ring of protection
                                B - +5 ring of slaying

@: lethally poisoned (-5 -> -12), not resistant to hostile enchantments, very
unstealthy
A: unfitting armour, cold-blooded, AC +5
a: Renounce Religion


You were on level 3 of the Dungeon.
You worshipped Okawaru.
Okawaru was noncommittal.
You were not hungry.

You visited 1 branch of the dungeon, and saw 3 of its levels.

You collected 87 gold pieces.

Inventory:

Hand weapons
 k - a +1 hand axe of chopping
 u - a cursed -3 hammer (weapon)
 v - a +2 hammer of protection
 w - a +0 hammer of protection
 x - a +2 hammer of protection
 y - a +0 hammer
 z - a cursed -1 hammer
 A - a +4 hammer
Missiles
 b - 12 arrows
Armour
 p - a +0 robe
Jewellery
 e - a +2 ring of dexterity
 g - a cursed -4 ring of dexterity
 l - a +5 ring of protection (right hand)
 B - a +5 ring of slaying (left hand)
Scrolls
 j - 2 scrolls of enchant weapon {unknown}
 q - a scroll of blinking {unknown}
 s - a scroll of immolation {unknown}
 t - a scroll of fear {unknown}
Potions
 c - a potion of invisibility
 f - a potion of cure mutation {unknown}
 h - a potion of heal wounds {unknown}
 o - 4 potions of curing {unknown}
Books
 d - a book of Changes

   Spells                             Type                      Level
   a - Beastly Appendage              Transmutation                1
   b - Sticks to Snakes               Transmutation                2
   c - Spider Form                    Transmutation/Poison         3
   d - Ice Form                       Ice/Transmutation            4
   e - Blade Hands                    Transmutation                5
Comestibles
 a - 3 bread rations
 i - 4 chunks of flesh
 n - 8 fruits
 r - a meat ration


   Skills:
 + Level 2.8 Fighting
 + Level 1.9 Axes
 + Level 0.2(1.1) Maces & Flails
 + Level 3.5 Dodging
 + Level 1.0 Stealth
 + Level 3.5 Unarmed Combat
 + Level 2.3 Spellcasting
 + Level 2.4 Transmutations


You had 7 spell levels left.
You knew the following spells:

 Your Spells              Type           Power        Failure   Level  Hunger
a - Beastly Appendage     Trmt           #.....       10%         1    #......


Dungeon Overview and Level Annotations

Branches:
Dungeon (3/15)

Altars:
Dithmenos
Makhleb
Okawaru


Innate Abilities, Weirdness & Mutations

Your plain brown scales are hard (AC +5).
Your body does not fit into most forms of armour.
Your cold-blooded metabolism reacts poorly to cold.


Message History

The killer bee stings you! The killer bee misses you.
You barely miss the killer bee.
You feel sick.
The killer bee stings you but does no damage.
The killer bee stings you.
You barely miss the killer bee.
You feel sick. The killer bee misses you. The killer bee stings you.
* * * LOW HITPOINT WARNING * * *
You are more poisoned.
The killer bee poisons you! The killer bee stings you.
* * * LOW HITPOINT WARNING * * *
You thump the killer bee! You tail-slap the killer bee.
You kill the killer bee!
Okawaru accepts your kill.
Your Stealth skill increases to level 1!
* * * LOW HITPOINT WARNING * * *
You feel sick. The killer bee barely misses you. The killer bee misses you.
You hit the killer bee but do no damage.
* * * LOW HITPOINT WARNING * * *
You feel sick. The killer bee misses you. The killer bee stings you!
You die...

#..........#.......#
#..........#........
####...##..#........
##.###.##........
##....##........
#..#####........
#.## ########. ###.#
## #@..# #
......Ky.### #
####..### .. #.. #.
#. #. #. .. #


You could see a killer bee and a kobold.

Vanquished Creatures
  2 killer bees (D:3)
  Crazy Yiuf (D:2)
  A gnoll (D:1)
  2 adders (D:3)
  3 worms (D:2)
  2 giant geckos
  An orc (D:3)
  3 giant cockroaches
  6 hobgoblins
  10 jackals
  5 kobolds
  A quokka (D:2)
  9 bats
  A giant newt (D:2)
  11 goblins
  10 rats
68 creatures vanquished.

Notes
Turn   | Place    | Note
--------------------------------------------------------------
     0 | D:1      | maniek23, the Draconian Transmuter, began the quest for the Orb.
     0 | D:1      | Reached XP level 1. HP: 16/16 MP: 3/3
   455 | D:1      | Reached XP level 2. HP: 12/23 MP: 4/4
   672 | D:1      | Reached XP level 3. HP: 23/28 MP: 6/6
   980 | D:2      | Found an iron altar of Okawaru.
  1009 | D:2      | Became a worshipper of Warmaster Okawaru
  1107 | D:2      | Found a burning altar of Makhleb.
  1460 | D:2      | Reached XP level 4. HP: 21/36 MP: 8/8
  1639 | D:2      | Noticed Crazy Yiuf
  1643 | D:2      | Killed Crazy Yiuf
  1643 | D:2      | Reached skill level 1 in Axes
  1842 | D:3      | Found a shadowy altar of Dithmenos.
  2032 | D:3      | Reached XP level 5. HP: 41/41 MP: 9/9
  2049 | D:3      | Reached skill level 1 in Stealth
  2050 | D:3      | Slain by a killer bee

Action                   |  1- 3 |  4- 6 || total
-------------------------+-------+-------++-------
Melee: Unarmed           |    48 |       ||    48
       Hand axe          |    78 |    20 ||    98
       Hammer            |       |    53 ||    53
 Cast: Beastly Appendage |     2 |       ||     2
  Use: Scroll            |       |     3 ||     3
  Eat: Chunk             |     2 |     2 ||     4
